 Dungeon Crawl Stone Soup version 0.13.0-13-g27bfa31 (webtiles) character file.

110594 HungrySpirit the Imperceptible (level 16, -4/83 HPs)
             Began as a Spriggan Abyssal Knight on Oct 18, 2013.
             Was the Champion of Lugonu.
             Blown up by an orb spider (27 damage)
             ... with an orb of destruction
             ... on Level 5 of the Spider Nest on Oct 19, 2013.
             The game lasted 03:13:35 (45982 turns).

HungrySpirit the Imperceptible (SpAK)              Turns: 45982, Time: 03:13:36

HP  -4/83        AC  9     Str  7      XL: 16   Next:  7%
MP  33/33        EV 39     Int 16      God: Lugonu [******]
Gold 108         SH  0     Dex 25      Spells:  4 memorised, 10 levels left

Res.Fire  : . . .   See Invis. : +   n - +4,+6 quick blade (distort)
Res.Cold  : . . .   Warding    : .   F - +2 robe {MR+}
Life Prot.: . . .   Conserve   : +   (shield restricted)
Res.Poison: .       Res.Corr.  : +   y - +0 mask of the Dragon {MR+ Acc+3 Dam+3 SInv}
Res.Elec. : .       Clarity    : .   E - +1 elf cloak {rCorr, Cons}
Sust.Abil.: . .     Spirit.Shd : .   (gloves unavailable)
Res.Mut.  : .       Stasis     : .   (boots unavailable)
Res.Rott. : .       Flight     : .   d - amulet of Ybotupic {rCorr +Blink}
Saprovore : . . .                    h - +4,+6 ring of slaying
                                     m - +6 ring of dexterity

@: studying Stealth, mildly poisoned, very quick, extraordinarily resistant to
hostile enchantments, incredibly stealthy
A: unfitting armour, antennae 1, see invisible, herbivore 3, speed 3, sense
surroundings 1, slow metabolism 2, evolution 1, AC +3, Str -2
a: Depart the Abyss, Bend Space, Banish, Corrupt, Enter the Abyss, Renounce
Religion, Evoke Blink


You were on level 5 of the Spider Nest.
You worshipped Lugonu.
Lugonu was exalted by your worship.
You were completely stuffed.

You visited 6 branches of the dungeon, and saw 41 of its levels.
You visited the Abyss 2 times.

You collected 3856 gold pieces.
You spent 3768 gold pieces at shops.

Inventory:

Hand weapons
 g - the +9,+9 dagger of Okawaru (quivered) {stab, +Inv rN+ MR+}
   (You bought it in a shop on level 4 of the Orcish Mines)

   It inflicts extra damage upon your enemies.
   It protects you from negative energy.
   It affects your resistance to hostile enchantments.
   It lets you turn invisible.
 n - a +4,+6 quick blade of distortion (weapon)
Armour
 y - the +0 mask of the Dragon (worn) {MR+ Acc+3 Dam+3 SInv}
   (You bought it in a shop on level 14 of the Dungeon)

   It affects your accuracy (+3).
   It affects your damage-dealing abilities (+3).
   It affects your resistance to hostile enchantments.
   It enhances your eyesight.
 E - a +1 elven cloak of preservation (worn)
 F - a +2 robe of magic resistance (worn)
Magical devices
 k - a wand of disintegration (4)
 x - a wand of teleportation (8)
 G - a wand of digging (7)
Comestibles
 l - 7 bread rations
Scrolls
 f - 7 scrolls of identify
 o - 2 scrolls of recharging
 q - a scroll of magic mapping
 r - 4 scrolls of teleportation
 A - 5 scrolls of remove curse
 J - a scroll of summoning
 M - 2 scrolls of fear
Jewellery
 b - an uncursed ring of poison resistance
 d - the amulet of Ybotupic (around neck) {rCorr +Blink}
   (You acquired it on level 4 of the Spider Nest)

   [amulet of resist corrosion]

   It lets you blink.
 h - a +4,+6 ring of slaying (right hand)
 m - a +6 ring of dexterity (left hand)
 H - an uncursed amulet of resist mutation
Potions
 a - 3 potions of heal wounds
 c - 2 potions of restore abilities
 i - a potion of resistance
 j - a potion of flight
 p - 5 potions of curing
 v - a potion of speed
 w - a potion of agility
 B - a potion of magic
Books
 z - a manual of Stealth


   Skills:
 - Level 10.0 Fighting
 - Level 13.6 Short Blades
 * Level 19.4 Dodging
 + Level 23.3 Stealth
 - Level 2.1 Spellcasting
 - Level 3.1 Hexes
 - Level 5.6 Charms
 - Level 10.0 Invocations
 - Level 1.3 Evocations


You had 10 spell levels left.
You knew the following spells:

 Your Spells              Type           Power        Failure   Level  Hunger
a - Confuse               Hex            ##......     17%         3    ####...
b - Blink                 Tloc           N/A          30%         2    ###....
c - Flight                Chrm/Air       ##........   21%         3    ####...
d - Apportation           Tloc           #.........   21%         1    #......


Dungeon Overview and Level Annotations

Branches:
Dungeon (18/27)            Temple (1/1) D:6             Orc (4/4) D:11
    Elf (0/3) Orc:4          Lair (8/8) D:10         Shoals (5/5) Lair:4
 Spider (5/5) Lair:3        Slime (0/6) Lair:8       Vaults (0/5) D:15

Altars:
Ashenzari
Cheibriados
Elyvilon
Fedhas
Kikubaaqudgha
Makhleb
Nemelex Xobeh
Okawaru
Sif Muna
Trog
Vehumet
Xom
Yredelemnul
Zin
the Shining One
Beogh

Shops:
D:5 (   D:13 [   D:14 [!   D:15 ?+*?}   Orc:2 +   Orc:4 ?*!?*[(*+

Annotations:
D:2 Crazy Yiuf
D:5 Scotch's ghost, experienced MiWn
D:11 3 exclusions
D:14 Snorg
D:15 1 exclusion
D:17 exclusion: Roxanne, Roxanne
Lair:5 exclusion: feature mimic
Lair:8 1 exclusion
Shoals:3 Norris
Spider:4 Arachne
Abyss:1 Agnes; Harold


Innate Abilities, Weirdness & Mutations

You are tiny and cannot use many weapons and most armour.
You have supernaturally acute eyesight.
You are a herbivore.
You cover ground extremely quickly.
You need consume almost no food.
You have a pair of small antennae on your head.
You are partially covered in slimy green scales (AC +2).
You passively map a small area around you.
You are covered in fur (AC +1).
You are weak. (Str -2)
You evolve.


Message History

You found a web trap!
You feel sick.
A trapdoor spider leaps out from its hiding place under the floor!
The trapdoor spider hisses angrily.
The orb spider weaves a glowing orb of energy.
You feel sick.
You feel sick. The trapdoor spider misses you. The trapdoor spider bites you.
* * * LOW HITPOINT WARNING * * *
* * * LOW HITPOINT WARNING * * *
You feel sick.
The spider hisses angrily.
A redback comes into view.
* * * LOW HITPOINT WARNING * * *
You feel sick.
You feel a little better.
You found a web trap!
There is a stone staircase leading up here.
The orb of destruction hits you!
You die...

#...##^# #s##.§.........#
**##..^.##^#s##.§...........
#...^^.##'##.s............
#............§s........... ,
#^.......s..§.............
++..^.......s§.............
+...^......§......^.......
++^.^.....s§§..............
*#......^^@................
#..................^..^...
#.^...........^...........
##.......^................
#........................ ,
** #^^......................
, ,
##........^.............^
#.......<............##. ,
#[.........^.........^##


You could see a wolf spider, a demonic crawler, 2 trapdoor spiders, a redback
(wandering) and a spider.

Vanquished Creatures
  Rupert (Spider:3)
  Donald (Shoals:3)
  Jorgrun (Spider:2)
  Azrael (D:17)
  5 sirens
  A death yak (Lair:7)
  2 centaur warriors
  Urug (Orc:2)
  A catoblepas (D:15)
  Nergalle (D:12)
  5 hydras
  2 large abominations
  2 unseen horrors
  2 sea snakes
  13 wolf spiders
  4 harpies (Shoals:2)
  7 hill giants
  A wizard (D:15)
  A griffon (D:15)
  2 orc sorcerers (Orc:3)
  2 red wasps
  2 spiny worms
  3 cyclopes
  A stone giant skeleton (D:17)
  A black mamba (Lair:7)
  An elephant (D:10)
  A feature mimic (Lair:3)
  4 spiny frogs
  Psyche (D:9)
  9 demonic crawlers
  4 yaktaurs (D:16)
  3 humans (D:15)
  An iron devil (Orc:2)
  5 mermaids
  3 fire drakes
  21 jumping spiders
  2 komodo dragons
  A wolf spider simulacrum (D:17)
  11 orb spiders
  3 wandering mushrooms (Lair:2)
  14 slime creatures
  4 snapping turtles
  5 trolls
  2 griffon zombies (Shoals:3)
  2 grizzly bears (Lair:8)
  A brown ooze (shapeshifter) (D:15)
  5 basilisks
  5 trapdoor spiders
  39 yaks
  3 two-headed ogres (D:17)
  13 ugly things
  22 redbacks
  17 merfolk
  A tarantella (shapeshifter) (D:14)
  3 water elementals (D:16)
  3 wyverns
  2 shadows
  12 tarantellas
  A wraith (Orc:2)
  Eustachio (D:8)
  2 hill giant skeletons
  8 sharks
  Grum (D:10)
  A rock worm (Spider:2)
  3 fire elementals (D:17)
  3 hungry ghosts
  An agate snail zombie (D:16)
  14 hippogriffs
  Menkaure (D:5)
  2 porcupines
  5 vampire mosquitoes
  5 wolves
  8 orc warriors
  A soldier ant (D:11)
  18 manticores
  2 ice beasts
  4 giant goldfish
  2 hell hounds
  12 ogres
  A sky beast (D:5)
  A phantom (D:8)
  A deep dwarf (D:13)
  A small abomination (Orc:4)
  A blink frog skeleton (D:16)
  16 centaurs
  A warg (Orc:4)
  6 crocodiles
  7 giant slugs
  14 giant frogs
  5 agate snails
  A yaktaur skeleton (D:16)
  8 water moccasins
  A wyvern zombie (D:11)
  19 killer bees
  2 eyes of draining (D:12)
  2 hippogriff zombies
  5 electric eels
  A troll zombie (D:13)
  3 wights (D:16)
  8 crimson imps
  A giant frog zombie (D:13)
  7 goliath beetles
  12 hounds
  3 jellies
  13 orc priests
  36 spiders
  3 big fish
  8 scorpions
  8 iguanas
  29 orc wizards
  7 worker ants
  A killer bee zombie (D:12)
  A brain worm zombie (D:12)
  A cyclops simulacrum (D:16)
  A big kobold zombie (D:12)
  7 sheep
  2 mottled dragon zombies
  A mummy (D:13)
  27 adders
  4 gnolls
  A giant centipede (Lair:5)
  2 giant mites
  51 green rats
  An inept feature mimic (D:7)
  An inept item mimic (D:2)
  5 worms
  A white imp (Spider:1)
  An adder skeleton (D:4)
  2 iguana zombies (D:7)
  2 giant eyeballs
  7 giant geckos
  An ooze (D:6)
  132 orcs
  A bat zombie (Shoals:3)
  4 giant cockroaches
  17 hobgoblins
  20 kobolds
  2 ball pythons
  23 bats
  7 giant newts
  17 goblins
  19 jackals
  An orc skeleton (D:4)
  18 quokkas
  19 rats
  A ballistomycete (D:6)
1013 creatures vanquished.

Vanquished Creatures (others)
  Saint Roka (Orc:4)
  An orc warlord (Orc:2)
  The ghost of shugdite the Carver, a powerful MiFi of Okawaru (D:14)
  A siren (Shoals:4)
  A hydra (Lair:7)
  2 ogre magi
  A rakshasa (Orc:4)
  3 death yaks
  An orc high priest (Orc:4)
  2 spatial maelstroms
  3 large abominations
  A sea snake (Shoals:3)
  3 hill giants
  3 orc knights (Orc:4)
  3 orc sorcerers
  2 griffons
  2 wolf spiders
  4 cyclopes
  An apocalypse crab (Orc:4)
  2 feature mimics
  A yaktaur (D:16)
  2 orange demons
  A fire drake (D:15)
  2 demonic crawlers
  A hellwing (Spider:4)
  4 jumping spiders
  A harpy zombie (Shoals:3)
  A troll (D:17)
  8 slime creatures
  2 wraiths (Orc:4)
  A snapping turtle (Shoals:3)
  7 ugly things
  A redback (Spider:5)
  2 trapdoor spiders
  A wandering mushroom (Lair:2)
  2 grizzly bears (Lair:8)
  4 merfolk
  A tarantella (Spider:1)
  6 yaks
  A vampire (D:17)
  A water elemental (D:16)
  2 elephant slugs
  A shark (Shoals:5)
  A ynoxinul (Spider:4)
  A human (D:15)
  3 neqoxecs
  A wolf (D:10)
  3 hungry ghosts
  A hell hound (D:15)
  2 hippogriffs (D:15)
  A sky beast (Spider:4)
  15 orc warriors
  6 small abominations
  A yellow wasp (D:10)
  2 ogres (Orc:4)
  A tengu (Orc:4)
  A porcupine (Lair:2)
  A giant goldfish (Spider:2)
  A boring beetle (shapeshifter) (D:18)
  A water moccasin (Lair:8)
  3 giant slugs
  A yaktaur skeleton (D:16)
  2 agate snails
  A wight (D:16)
  A troll zombie (D:13)
  3 killer bees
  7 orc priests
  11 orc wizards
  3 spiders
  6 green rats
  A giant mite (Lair:2)
  2 white imps (Orc:4)
  6 ufetubi
  38 orcs
  A hobgoblin (Orc:4)
  A giant spore (D:6)
  A goblin (Orc:3)
  3 illusory rakshasas (Orc:4)
  7 fungi
  11 plants
  12 starspawn tentacles
  91 starspawn tentacle segments
345 creatures vanquished.

Grand Total: 1358 creatures vanquished

Notes
Turn   | Place    | Note
--------------------------------------------------------------
     0 | Abyss:1  | HungrySpirit, the Spriggan Abyssal Knight, began the quest for the Orb.
     0 | Abyss:1  | Reached XP level 1. HP: 11/11 MP: 2/2
     0 | D:1      | Escaped the Abyss
   190 | D:1      | Acquired Lugonu's first power
   263 | D:1      | Reached skill level 4 in Dodging
   291 | D:1      | Reached XP level 2. HP: 13/15 MP: 4/4
   752 | D:1      | Reached XP level 3. HP: 8/18 MP: 7/7
  1358 | D:2      | Acquired Lugonu's second power
  1365 | D:2      | Reached skill level 1 in Stealth
  1697 | D:2      | Noticed Crazy Yiuf
  1990 | D:2      | Reached skill level 5 in Dodging
  2402 | D:2      | Reached XP level 4. HP: 5/23 MP: 9/9
  3759 | D:3      | Acquired Lugonu's third power
  3929 | D:3      | Reached XP level 5. HP: 19/27 MP: 11/11
  4381 | D:3      | Reached skill level 5 in Stealth
  4605 | D:3      | Acquired Lugonu's fourth power
  4820 | D:3      | Gained mutation: Armour fits poorly on your strangely shaped body. [potion of mutation]
  4820 | D:3      | Gained mutation: You evolve. [potion of mutation]
  4820 | D:3      | Gained mutation: You tend to lose your temper in combat. [potion of mutation]
  5435 | D:4      | Reached XP level 6. HP: 17/31 MP: 14/14
  5650 | D:5      | Entered Level 5 of the Dungeon
  5670 | D:5      | Noticed Scotch's ghost (experienced MiWn)
  5875 | D:5      | Found a glowing silver altar of Zin.
  5937 | D:5      | Reached skill level 5 in Short Blades
  5937 | D:5      | Reached skill level 6 in Dodging
  6109 | D:4      | Reached XP level 7. HP: 30/35 MP: 16/16
  6389 | D:5      | Noticed Menkaure
  6393 | D:5      | Killed Menkaure
  6393 | D:5      | Reached skill level 7 in Dodging
  6423 | D:5      | Found Kolek's Antique Weapon Boutique.
  6668 | D:6      | Acquired Lugonu's fifth power
  6957 | D:6      | Reached skill level 8 in Dodging
  7078 | D:6      | Found a staircase to the Ecumenical Temple.
  7154 | D:6      | Reached XP level 8. HP: 39/39 MP: 18/18
  7214 | D:6      | Reached skill level 9 in Dodging
  7914 | D:6      | Gained mutation: You are covered in fur (AC +1). [potion of mutation]
  7914 | D:6      | Gained mutation: You have a pair of small antennae on your head. [potion of mutation]
  7914 | D:6      | Gained mutation: You are partially covered in slimy green scales (AC +2). [potion of mutation]
  8494 | D:7      | Reached XP level 9. HP: 43/43 MP: 20/20
  8909 | D:8      | Reached skill level 10 in Dodging
  9050 | D:8      | Reached skill level 10 in Stealth
  9620 | D:8      | Noticed Eustachio
  9627 | D:8      | Killed Eustachio
  9627 | D:8      | Reached skill level 11 in Stealth
  9844 | D:9      | Reached skill level 1 in Evocations
 10156 | D:9      | Noticed Psyche
 10163 | D:9      | Killed Psyche
 10323 | D:10     | Entered Level 10 of the Dungeon
 10323 | D:10     | Noticed a hill giant
 10348 | D:10     | Found a staircase to the Lair.
 10348 | D:10     | Noticed an elephant
 10599 | D:10     | Noticed Grum
 10602 | D:10     | Reached skill level 10 in Short Blades
 10632 | D:10     | Reached XP level 10. HP: 48/48 MP: 21/21
 10705 | D:10     | Killed Grum
 10756 | D:10     | Reached skill level 12 in Dodging
 11227 | D:10     | Gained mutation: You are robust (+10% HP). [evolution]
 11243 | Lair:1   | Entered Level 1 of the Lair of Beasts
 11267 | Lair:1   | HP: 2/53 [porcupine's spines (7)]
 12226 | Lair:2   | Reached skill level 5 in Fighting
 12226 | Lair:2   | Reached skill level 13 in Dodging
 12435 | Lair:2   | Noticed a five-headed hydra
 12468 | Lair:2   | Killed a five-headed hydra
 12841 | Lair:2   | Reached XP level 11. HP: 60/60 MP: 22/22
 13420 | Lair:3   | Found a hole to the Spider Nest.
 13629 | Lair:3   | Found a staircase to the Shoals.
 13636 | Lair:3   | the staircase to the Shoals was a mimic.
 13641 | Lair:3   | Reached skill level 14 in Dodging
 14632 | Lair:4   | Noticed a five-headed hydra
 14638 | Lair:4   | Killed a five-headed hydra
 14691 | Lair:4   | Found a staircase to the Shoals.
 14789 | Lair:4   | Lost mutation: You tend to lose your temper in combat. [evolution]
 14836 | Lair:4   | Reached skill level 15 in Stealth
 14967 | Lair:4   | Noticed Harold
 14975 | Lair:4   | Banished Harold
 15318 | Temple   | Entered the Ecumenical Temple
 15808 | D:10     | Killed a hill giant
 16073 | Lair:4   | Reached skill level 15 in Dodging
 16479 | Lair:5   | Reached skill level 16 in Stealth
 16769 | Lair:5   | Noticed an eight-headed hydra
 17637 | Lair:6   | Noticed a four-headed hydra
 17639 | Lair:6   | Killed a four-headed hydra
 17660 | Lair:5   | Gained mutation: You are weak. (Str -2) [mutagenic glow]
 17891 | Lair:6   | Noticed a death yak
 17892 | Lair:6   | Noticed a death yak
 17897 | Lair:6   | Reached XP level 12. HP: 66/66 MP: 24/24
 17903 | Lair:6   | Noticed a death yak
 17905 | Lair:6   | Noticed a death yak
 17906 | Lair:6   | Noticed a death yak
 17907 | Lair:6   | Noticed a death yak
 18309 | Lair:6   | Banished a death yak
 18503 | Lair:7   | Got a faintly glowing bone ring
 18504 | Lair:7   | Identified the ring of Sunlight {Ice MR++} (You found it on level 7 of the Lair of Beasts)
 18572 | Lair:7   | Reached skill level 17 in Stealth
 18868 | Lair:7   | Noticed a four-headed hydra
 18885 | Lair:7   | Banished a four-headed hydra
 19094 | Lair:7   | Gained mutation: You passively map a small area around you. [potion of beneficial mutation]
 19224 | Lair:7   | Reached skill level 18 in Stealth
 19524 | Lair:7   | Noticed a four-headed hydra
 19532 | Lair:7   | Killed a four-headed hydra
 19532 | Lair:7   | Reached skill level 5 in Invocations
 19978 | Lair:8   | Entered Level 8 of the Lair of Beasts
 20169 | Lair:8   | Found a staircase to the Slime Pits.
 20202 | Lair:8   | Noticed a seven-headed hydra
 20359 | Lair:8   | Found a burning altar of Makhleb.
 21119 | D:10     | Killed an elephant
 21612 | D:11     | Found a staircase to the Orcish Mines.
 21662 | D:11     | Got a shimmering leather armour
 21937 | D:11     | Lost mutation: Armour fits poorly on your strangely shaped body. [evolution]
 22358 | D:12     | Found a shattered altar of Ashenzari.
 22363 | D:12     | Noticed Nergalle
 22720 | D:12     | Killed Nergalle
 23128 | D:12     | Reached XP level 13. HP: 71/71 MP: 29/29
 23163 | D:13     | Found Milubyj's Antique Armour Boutique.
 23222 | D:13     | Bought an embroidered elven cloak for 25 gold pieces
 23233 | D:13     | Identified a +1 elven cloak of preservation (You bought it in a shop on level 13 of the Dungeon)
 23263 | D:13     | Learned a level 3 spell: Flight
 23726 | D:13     | Found a burning altar of Makhleb.
 23726 | D:13     | Noticed a blizzard demon
 24393 | D:14     | Entered Level 14 of the Dungeon
 24393 | D:14     | Found Sarif's Armour Boutique.
 24450 | D:14     | Bought the +0 mask of the Dragon {MR+ Acc+3 Dam+3 SInv} for 552 gold pieces
 24724 | D:14     | Noticed shugdite's ghost (powerful MiFi)
 24758 | D:14     | Banished shugdite's ghost
 24856 | D:14     | Noticed a lorocyproca
 24950 | D:14     | Noticed Snorg
 24997 | D:14     | Found Brunich's Distillery.
 25194 | D:15     | Entered Level 15 of the Dungeon
 25214 | D:15     | Found Brodarghu's Book Shop.
 25539 | D:15     | HP: 1/72 [wizard/bolt of fire (41)]
 25785 | D:15     | Found Xedanwea's Magic Scroll Shop.
 25809 | D:15     | Reached skill level 10 in Invocations
 25824 | D:15     | Found Usugam's Gadget Emporium.
 26056 | D:15     | Found a staircase to the Vaults.
 26110 | D:15     | Found Pramarch's Magic Scroll Emporium.
 27387 | D:15     | Found Uduihufrixesk's General Store.
 27429 | D:15     | Found a blossoming altar of Fedhas.
 27777 | Orc:1    | Entered Level 1 of the Orcish Mines
 28249 | Orc:2    | Noticed an orc warlord
 28386 | Orc:2    | Noticed Urug
 28393 | Orc:2    | Killed Urug
 28489 | Orc:2    | Found Strem Grien's Book Emporium.
 28500 | Orc:2    | Bought a book of Minor Magic for 320 gold pieces
 28504 | Orc:2    | Learned a level 2 spell: Blink
 28554 | Orc:2    | Corrupted Orc:2
 28554 | Orc:2    | Noticed an Executioner
 28565 | Orc:2    | Killed an orc warlord
 28820 | Orc:3    | Reached XP level 14. HP: 78/78 MP: 31/31
 29780 | Orc:4    | Entered Level 4 of the Orcish Mines
 29845 | Orc:4    | Found Brumuva's Magic Scroll Boutique.
 29995 | Orc:4    | Found Grahafeu's General Store.
 30001 | Orc:4    | Found a staircase to the Elven Halls.
 30028 | Orc:4    | Found Enekiav's Magic Scroll Emporium.
 30168 | Orc:4    | Found Juwauqed's Assorted Antiques.
 30192 | Orc:4    | Bought a twisted dagger for 189 gold pieces
 30193 | Orc:4    | Identified the +9,+9 dagger of Okawaru {stab, +Inv rN+ MR+} (You bought it in a shop on level 4 of the Orcish Mines)
 30431 | Orc:4    | Found Ziave's Distillery.
 30448 | Orc:4    | Bought a potion of heal wounds for 42 gold pieces
 30488 | Orc:4    | Bought a scroll of blinking for 88 gold pieces
 30542 | Orc:4    | Noticed Saint Roka
 30543 | Orc:4    | Corrupted Orc:4
 30547 | Orc:4    | Noticed a tentacled starspawn
 30562 | Orc:4    | Killed Saint Roka
 30603 | Orc:4    | Found Chial's Antique Armour Emporium.
 30641 | Orc:4    | Found a roughly hewn altar of Beogh.
 30642 | Orc:4    | Found Fasm's General Store.
 30660 | Orc:4    | Found Stoimej's Book Emporium.
 30667 | Orc:4    | Bought a book of Maledictions for 300 gold pieces
 30672 | Orc:4    | Learned a level 3 spell: Confuse
 30681 | Orc:4    | Found Gaorr's Antique Weapon Emporium.
 31001 | Shoals:1 | Entered Level 1 of the Shoals
 31022 | Shoals:1 | Reached skill level 1 in Hexes
 31066 | Shoals:1 | Reached skill level 1 in Spellcasting
 31223 | Shoals:1 | Lost mutation: You are robust (+10% HP). [evolution]
 31996 | Lair:4   | Cast into the Abyss (a distortion unwield)
 32065 | Abyss:1  | Noticed a tentacled starspawn
 32092 | Abyss:1  | Found a corrupted altar of Lugonu.
 32101 | Abyss:1  | Identified a +3,+2 quick blade of distortion (a +1,+0 quick blade corrupted by Lugonu)
 32102 | Lair:4   | Escaped the Abyss
 32306 | Orc:4    | Bought a scroll of enchant weapon III for 320 gold pieces
 32330 | Orc:4    | Bought a scroll of enchant weapon I for 71 gold pieces
 32807 | D:16     | Noticed Agnes
 32820 | D:16     | Banished Agnes
 33947 | D:17     | Reached skill level 10 in Fighting
 34038 | D:17     | Identified a scroll of acquirement
 34085 | D:17     | Noticed Roxanne
 34270 | D:17     | Noticed Azrael
 34408 | D:17     | Killed Azrael
 35402 | D:17     | Reached skill level 19 in Stealth
 35628 | Lair:1   | Upgraded the game from 0.13.0-11-g0187522 to 0.13.0-13-g27bfa31
 35823 | Shoals:2 | Reached skill level 1 in Charms
 36281 | Shoals:2 | Reached XP level 15. HP: 77/77 MP: 32/32
 37630 | Shoals:3 | Noticed Norris
 37684 | Shoals:3 | Noticed Donald
 37689 | Shoals:3 | Killed Donald
 38224 | Shoals:4 | Reached skill level 5 in Charms
 38377 | Shoals:5 | Entered Level 5 of the Shoals
 38442 | Shoals:5 | Reached skill level 20 in Stealth
 39692 | Spider:1 | Entered Level 1 of the Spider Nest
 40475 | Spider:2 | Noticed Jorgrun
 40478 | Spider:2 | Killed Jorgrun
 40531 | Spider:1 | Reached skill level 21 in Stealth
 41992 | Spider:2 | Reached skill level 22 in Stealth
 42480 | Spider:3 | Noticed Rupert
 42487 | Spider:3 | Killed Rupert
 42856 | Spider:3 | Paralysed by you for 7 turns
 43613 | Spider:4 | Noticed Arachne
 43617 | Spider:4 | Corrupted Spider:4
 44348 | Spider:4 | Got a fine jade amulet
 44349 | Spider:4 | Identified the amulet of Ybotupic {rCorr +Blink} (You acquired it on level 4 of the Spider Nest)
 44770 | Orc:4    | Bought a +4,+6 ring of slaying for 1861 gold pieces
 45166 | Spider:5 | Entered Level 5 of the Spider Nest
 45246 | Spider:5 | Reached skill level 23 in Stealth
 45251 | Spider:5 | Learned a level 1 spell: Apportation
 45365 | Spider:5 | Reached XP level 16. HP: 50/83 MP: 33/33
 45982 | Spider:5 | Blown up by an orb spider

Action                   |  1- 3 |  4- 6 |  7- 9 | 10-12 | 13-15 | 16-18 || total
-------------------------+-------+-------+-------+-------+-------+-------++-------
Melee: Short sword       |   133 |   201 |   312 |       |       |       ||   646
       Dagger            |       |       |    39 |  1068 |   856 |       ||  1963
       Quick blade       |       |       |       |    20 |  1381 |    92 ||  1493
 Fire: Blowgun           |       |    41 |    65 |       |       |       ||   106
Throw: Dart              |     4 |     4 |       |       |       |       ||     8
       Dagger            |       |     1 |       |       |       |       ||     1
Invok: Depart the Abyss  |     1 |       |       |       |     1 |       ||     2
       Banish            |       |       |       |     2 |     7 |       ||     9
       Corrupt           |       |       |       |       |     3 |       ||     3
Evoke: Wand              |       |       |     3 |    18 |     7 |       ||    28
  Use: Potion            |       |     3 |     2 |     4 |    22 |       ||    31
       Scroll            |       |    13 |    11 |    17 |    30 |       ||    71
 Stab: Sleeping          |     4 |    12 |    32 |    85 |   157 |     1 ||   291
       Distracted        |     1 |     1 |     1 |     9 |    22 |     1 ||    35
       Invisible         |       |       |       |     1 |    12 |       ||    13
       Fleeing           |       |       |       |     1 |       |       ||     1
       Paralysed         |       |       |       |       |     1 |       ||     1
       Held in net/web   |       |       |       |       |       |     1 ||     1
